 Dungeon Crawl Stone Soup version 0.28-a0-1038-g9c4cb8273d (webtiles) character file.

Game seed: 10878128213091858385

200 fragbeetle the Insei (level 5, -1/40 HPs)
             Began as a Draconian Transmuter on Dec 8, 2021.
             Slain by a scorpion (8 damage)
             ... on level 3 of the Dungeon.
             The game lasted 00:05:48 (2413 turns).

fragbeetle the Insei (Draconian Transmuter)         Turns: 2413, Time: 00:05:49

Health: -1/40      AC:  5    Str: 12    XL:     5   Next: 49%
Magic:  7/8        EV: 12    Int: 15    God:
Gold:   93         SH:  5    Dex: 18    Spells: 5/9 levels left

rFire   . . .      SeeInvis .     - Unarmed
rCold   . . .      Faith    .   (no shield)
rNeg    + . .      Spirit   .   (armour unavailable)
rPois   .          Reflect  +   (helmet currently unavailable)
rElec   .          Harm     .   (no cloak)
rCorr   .          Rampage  .   (no gloves)
Will    .....                   (boots currently unavailable)
Stlth   ++........              k - amulet of reflection
HPRegen 0.13/turn               h - +6 ring of dexterity
MPRegen 0.11/turn               m - ring of positive energy

@: lethally poisoned (-1 -> -4), appendages
A: horns 2, talons 2, AC +5, unfitting armour, cold-blooded
a: End Transformation


You were on level 3 of the Dungeon.
You had temporarily grown beastly horns and talons.
You visited 1 branch of the dungeon, and saw 3 of its levels.

You collected 93 gold pieces.

Inventory:

Hand Weapons
 b - a +1 dagger of draining
 n - a +0 whip of electrocution
Missiles
 g - 4 boomerangs
Jewellery
 h - a +6 ring of dexterity (left hand)
 k - an amulet of reflection (around neck)
 m - a ring of positive energy (right hand)
Scrolls
 a - 2 scrolls of identify {unknown}
 c - a scroll of magic mapping {unknown}
 e - a scroll of blinking {unknown}
 i - a scroll of amnesia {unknown}
 l - a scroll of enchant armour {unknown}
Potions
 d - a potion of brilliance {unknown}
 f - a potion of haste
 j - a potion of curing {unknown}


   Skills:
 + Level 1.1 Fighting
 + Level 2.2 Dodging
 + Level 4.8 Unarmed Combat
 + Level 2.6 Spellcasting
 * Level 3.5 Transmutations


You had 5 spell levels left.
You knew the following spells:

 Your Spells              Type           Power      Damage    Failure   Level
a - Beastly Appendage     Tmut           24%        N/A       4%          1
b - Spider Form           Tmut/Pois      7%         N/A       30%         3

Your spell library contained the following spells:

 Spells                   Type           Power      Damage    Failure   Level
 Wereblood                Tmut           12%        N/A       8%          2
 Ice Form                 Ice/Tmut       7%         N/A       69%         4


Dungeon Overview and Level Annotations

Branches:
Dungeon (3/15)

Altars:

Annotations:
D:2 Jessica


Innate Abilities, Weirdness & Mutations

You have temporarily grown beastly horns and talons.
Your plain brown scales are hard. (AC +5)
You cannot fit into any form of body armour.
You are cold-blooded and may be slowed by cold attacks.


Message History

You feel sick. You block the scorpion's attack.
You hit the scorpion. Your headbutt misses the scorpion.
The scorpion is moderately wounded.
You feel sick. The scorpion stings you.
You are more poisoned.
The scorpion poisons you!
You hit the scorpion but do no damage.
You claw the scorpion, but do no damage.
You headbutt the scorpion, but do no damage.
Your tail-slap misses the scorpion.
The scorpion is moderately wounded.
You feel very sick. The scorpion stings you.
You closely miss the scorpion.
You claw the scorpion, but do no damage.
You headbutt the scorpion.
The scorpion is heavily wounded.
You feel sick. The scorpion stings you!
Your magical contamination has completely faded away.
You hit the scorpion.
The scorpion is heavily wounded.
You feel sick. You block the scorpion's attack.
You hit the scorpion but do no damage. Your headbutt misses the scorpion.
The scorpion is heavily wounded.
You feel sick.
The scorpion stings you but does no damage.
You hit the scorpion. Your kick misses the scorpion.
Your headbutt misses the scorpion.
The scorpion is severely wounded.
You feel sick. The scorpion barely misses you. You block the scorpion's attack.
You barely miss the scorpion. Your kick misses the scorpion.
You tail-slap the scorpion.
The scorpion is almost dead.
You feel sick.
The scorpion stings you but does no damage.
You completely miss the scorpion. Your kick misses the scorpion.
Your headbutt misses the scorpion. You punch the scorpion.
The scorpion is almost dead.
The scorpion stings you!
You die...

#.......#..#..###..## #....
#.......#..# ####.#### #[[..
#....####..####.......## #....
#^...#........#........###....
######.######.#.........##....
#...##...#.........######
###.##.###.........#
#.#.##...#.........#
#.######@#.........#
#......s.#........##
####..####.....<.##
#..#....####### #..#.####
#....# #...## #####


You could see a scorpion.

Vanquished Creatures
  A water moccasin zombie (D:3)
  3 gnolls (D:3)
  5 adders
  A worm (D:3)
  5 dart slugs
  An orc (D:3)
  7 endoplasms
  2 giant cockroaches
  10 goblins
  3 hobgoblins
  2 jackals (D:2)
  A quokka (D:2)
  2 ball pythons (D:1)
  3 bats
  2 frilled lizards
  3 kobolds
  8 rats
59 creatures vanquished.

Notes
Turn   | Place    | Note
-------+----------+-------------------------------------------
     0 | D:1      | fragbeetle the Draconian Transmuter began the quest for the
                  | Orb.
     0 | D:1      | Reached XP level 1. HP: 16/16 MP: 3/3
    81 | D:1      | Reached XP level 2. HP: 21/23 MP: 3/5
   657 | D:1      | Found a faded altar of an unknown god.
   697 | D:1      | Reached XP level 3. HP: 22/28 MP: 4/6
   709 | D:1      | Learned a level 3 spell: Spider Form
  1079 | D:2      | Reached skill level 4 in Unarmed Combat
  1374 | D:2      | Reached XP level 4. HP: 35/35 MP: 5/7
  1634 | D:2      | Noticed Jessica
  1856 | D:3      | Noticed a scorpion
  2248 | D:3      | Reached XP level 5. HP: 40/40 MP: 6/8
  2413 | D:3      | Slain by a scorpion

Illustrated notes

Levels and vault maps discovered:
D:1:      dpeg_arrival_windows_large_door, layout_basic,
          hellmonk_ecumenical_altar_pennies_from_heaven, hex_tiny,
          minmay_misc_feat_tiny
D:2:      layout_basic, uniq_jessica
D:3:      layout_rooms, serial_bayou_pond_e, grunt_ministairs_2,
          bh_walls_and_bars

Skill      XL: |  1  2  3  4 |
---------------+-------------+-----
Dodging        | 2 |  2.2
Unarmed Combat | 4 |  4.8
Transmutations | 3 |  3.5
Fighting       | |  1.1
Spellcasting   | |  2.6

Action                   |  1- 3 |  4- 6 || total
-------------------------+-------+-------++-------
Melee: Unarmed           |    71 |    60 ||   131
       Kick              |    16 |    14 ||    30
       Headbutt          |     6 |    16 ||    22
       Tailslap          |     6 |     7 ||    13
       Punch             |       |     2 ||     2
 Cast: Beastly Appendage |    20 |    15 ||    35
 Stab: Sleeping          |     1 |       ||     1
Armor: Skin              |    22 |    15 ||    37
Dodge: Dodged            |    38 |    16 ||    54
Block: Other             |       |     8 ||     8

Table legend: (Time is in decaauts)
 A = Elapsed time spent in this place.
 B = Non-inter-level travel time spent in this place.
 C = Inter-level travel time spent in this place.
 D = Time resting spent in this place.
 E = Time spent auto-exploring this place.
 F = Levels seen in this place.
 G = Mean time per level.
                   A        B        C        D        E       F      G
               +--------+--------+--------+--------+--------+-----+--------+
         Total |   2405 |   2276 |    129 |    109 |   1598 |   3 |  801.7 |
       Dungeon |   2405 |   2276 |    129 |    109 |   1598 |   3 |  801.7 |
               +--------+--------+--------+--------+--------+-----+--------+

Top non-repeatable levels by time:
     D:1: 1093 daAuts
     D:2: 822 daAuts
     D:3: 489 daAuts
